 Dungeon Crawl Stone Soup version 0.19-a0-1889-g9c603be (webtiles) character file.

3222 LORDOFBUTT the Cleaver (level 9, 0/79 HPs)
             Began as a Minotaur Fighter on Oct 18, 2016.
             Was an Initiate of Gozag.
             Slain by a spriggan baker
             ... wielding a +0 dagger
              (7 damage)
             ... on level 7 of the Dungeon.
             The game lasted 00:07:47 (4989 turns).

LORDOFBUTT the Cleaver (Minotaur Fighter)           Turns: 4989, Time: 00:07:48

Health: 0/79       AC:  8    Str: 26    XL:     9   Next: 66%
Magic:  11/11      EV: 10    Int:  5    God:    Gozag
Gold:   647        SH: 11    Dex: 13    Spells: 0 memorised, 8 levels left

rFire  . . .     SeeInvis .     a - +0 war axe
rCold  + . .     Gourm    .     b - +0 scale mail
rNeg   . . .     Faith    .     c - +0 shield
rPois  .         Spirit   .     (helmet restricted)
rElec  .         Reflect  .     (no cloak)
rCorr  .         Harm     .     (no gloves)
MR     .....                    (no boots)
Stlth  ..........               (no amulet)
                                (no ring)
                                g - ring of protection from cold

@: mighty, lethally poisoned (0 -> -1), gold aura
A: retaliatory headbutt, horns 2
a: Potion Petition, Call Merchant, Bribe Branch, Renounce Religion


You were on level 7 of the Dungeon.
You worshipped Gozag.
Gozag was pleased with you.
You were not hungry.

You visited 2 branches of the dungeon, and saw 8 of its levels.

You collected 723 gold pieces.
You paid 76 gold pieces to Gozag.

Inventory:

Hand Weapons
 a - a +0 war axe (weapon)
Armour
 b - a +0 scale mail (worn)
 c - a +0 shield (worn)
Jewellery
 g - a ring of protection from cold (left hand)
 w - an uncursed amulet of magic regeneration
Wands
 n - a wand of iceblast (3/15)
Scrolls
 d - a scroll of fog
 e - 2 scrolls of remove curse
 h - 2 scrolls of identify
 k - a scroll of random uselessness
 r - a scroll of amnesia
 s - a scroll of teleportation
Potions
 i - 2 potions of curing
 j - a potion of haste
 l - 2 potions of lignification
 o - a potion of agility
 p - 2 potions of brilliance
 q - 2 potions of flight
Comestibles
 f - 12 bread rations
 m - a meat ration
 t - a fruit
 v - a royal jelly


   Skills:
 + Level 7.1 Fighting
 + Level 9.3 Axes
 + Level 7.8 Armour
 + Level 3.4 Dodging
 + Level 0.8 Stealth
 + Level 6.7 Shields
 * Level 5.2 Evocations


You had 8 spell levels left.
You didn't know any spells.

Dungeon Overview and Level Annotations

Branches:
Dungeon (7/15)             Temple (1/1) D:5

Altars:
Ashenzari
Dithmenos
Elyvilon
Gozag
Hepliaklqana
Kikubaaqudgha
Makhleb
Nemelex Xobeh
Okawaru
Ru
Sif Muna
Trog
Uskayaw
Vehumet
Xom
Yredelemnul
Zin

Shops:
D:4 [   D:5 %   D:6 (

Annotations:
D:3 Lordarticus's ghost, amateur MfMo


Innate Abilities, Weirdness & Mutations

You reflexively headbutt those who attack you in melee.
You have a pair of horns on your head.


Message History

You feel sick.
A spriggan baker comes into view. It is wielding a dagger.
The spriggan baker shouts!
You feel sick.
You miss the spriggan baker.
Your headbutt misses the spriggan baker.
You block the spriggan baker's attack.
You barely miss the spriggan baker.
Your headbutt misses the spriggan baker.
You feel sick.
The spriggan baker hits you with a dagger!
* * * LOW HITPOINT WARNING * * *
You closely miss the spriggan baker.
Your headbutt misses the spriggan baker.
The spriggan baker hits you with a dagger.
* * * LOW HITPOINT WARNING * * *
You closely miss the spriggan baker.
The spriggan baker hits you with a dagger!
You die...
Your body crumbles into a pile of gold.

############.#
####.################
###########....................
#........>...#.################
#.####.####..#.# #.# #.# #..#.#
##.####.# #..#.#######
#.......####..#i......#
##..####........@##+##.## ....#
#.####....#...#..####### .##.#
#.# #....#...#........# .##.# #.#
##.#.##...####..##.#
.##.####.###..#⌠.##'##.⌠#.....#
.##......#....#.........#.....#
.##... ...##..........#.###..#
..#.#####..#...#.......#...#..#
##.............'..._...+...#..###


You could see a spriggan baker.

Vanquished Creatures
  The ghost of Thraspic the Slicer, a novice SpBe of Trog (D:7)
  Sigmund (D:4)
  4 yaks (D:7)
  Edmund (D:4)
  An orc warrior (D:6)
  An ice beast (D:7)
  4 ogres
  2 centaurs
  Blork the orc (D:4)
  3 bullfrogs (D:6)
  A water moccasin zombie (D:6)
  2 scorpions (D:5)
  5 killer bees
  2 howler monkeys (D:7)
  A bullfrog zombie (D:7)
  2 hounds
  An orc wizard (D:6)
  Jessica (D:2)
  2 iguanas (D:4)
  Ijyb (D:2)
  2 worker ants (D:5)
  Robin (D:2)
  9 gnolls
  11 adders
  2 shadow imps
  An ooze (D:6)
  2 worms
  A dart slug (D:1)
  2 leopard geckos
  5 orcs
  8 bats
  7 giant cockroaches
  14 goblins
  11 hobgoblins
  12 jackals
  9 kobolds
  A quokka (D:2)
  2 ball pythons
  A ball python zombie (D:5)
  7 frilled lizards
  6 rats
  A bush (D:1)
  A plant (D:1)
153 creatures vanquished.

Notes
Turn   | Place    | Note
-------+----------+-------------------------------------------
     0 | D:1      | LORDOFBUTT the Minotaur Fighter began the quest for the Orb.
     0 | D:1      | Reached XP level 1. HP: 19/19 MP: 0/0
   415 | D:1      | Reached XP level 2. HP: 18/27 MP: 1/1
   473 | D:1      | Reached XP level 3. HP: 15/33 MP: 2/2
   745 | D:1      | Reached skill level 3 in Axes
   933 | D:2      | Noticed Jessica
   935 | D:2      | Found a radiant altar of Vehumet.
   936 | D:2      | Noticed Robin
   937 | D:2      | Killed Jessica
   937 | D:2      | Reached XP level 4. HP: 39/40 MP: 3/3
   946 | D:2      | Killed Robin
  1010 | D:2      | Reached skill level 4 in Axes
  1174 | D:2      | Noticed Ijyb
  1188 | D:2      | Killed Ijyb
  1188 | D:2      | Reached XP level 5. HP: 45/47 MP: 4/4
  1332 | D:2      | Reached skill level 1 in Dodging
  1436 | D:2      | Found a hazy altar of Hepliaklqana.
  1854 | D:3      | Noticed Lordarticus's ghost (amateur MfMo)
  2334 | D:3      | You fall through a shaft!
  2383 | D:4      | Noticed an ogre
  2388 | D:4      | Killed an ogre
  2388 | D:4      | Reached skill level 5 in Axes
  2388 | D:4      | Reached skill level 1 in Evocations
  2388 | D:4      | Reached XP level 6. HP: 36/53 MP: 5/5
  2418 | D:4      | Noticed Sigmund
  2430 | D:4      | Killed Sigmund
  2430 | D:4      | Reached skill level 5 in Armour
  2430 | D:4      | Reached skill level 5 in Shields
  2438 | D:4      | Found Foset's Antique Armour Boutique.
  2783 | D:4      | Noticed Blork the orc
  2789 | D:4      | Killed Blork the orc
  2789 | D:4      | Reached XP level 7. HP: 50/60 MP: 7/7
  2819 | D:4      | Noticed Edmund
  2831 | D:4      | Killed Edmund
  2831 | D:4      | Reached skill level 5 in Fighting
  2831 | D:4      | Reached skill level 6 in Axes
  2901 | D:5      | Entered Level 5 of the Dungeon
  2901 | D:5      | Found a staircase to the Ecumenical Temple.
  2912 | Temple   | Entered the Ecumenical Temple
  3143 | Temple   | Became a worshipper of Gozag Ym Sagoz the Greedy
  3281 | D:5      | Found a hide-covered altar of Uskayaw.
  3319 | D:5      | Found Cek Hizoerre's Food Shoppe.
  3412 | D:5      | Reached XP level 8. HP: 67/69 MP: 9/9
  3588 | D:5      | Found a shimmering altar of Xom.
  3814 | D:6      | Found Iruelosmil's Weapon Boutique.
  3872 | D:6      | Reached skill level 7 in Axes
  4126 | D:6      | Found a sacrificial altar of Ru.
  4375 | D:6      | Found a hide-covered altar of Uskayaw.
  4496 | D:6      | Reached skill level 8 in Axes
  4513 | D:6      | Reached XP level 9. HP: 37/78 MP: 11/11
  4690 | D:7      | Found a shattered altar of Ashenzari.
  4960 | D:7      | Noticed Thraspic's ghost (novice SpBe)
  4978 | D:7      | Killed Thraspic's ghost
  4978 | D:7      | Reached skill level 9 in Axes
  4978 | D:7      | Reached skill level 5 in Evocations
  4989 | D:7      | Slain by a spriggan baker

Vault maps used:
D:1:      wheals_arrival_linesprint, serial_forest,
          infiniplex_forest_clump_long, infiniplex_forest_straight_5,
          infiniplex_forest_corner_1, infiniplex_forest_clump_small,
          infiniplex_forest_clump_medium, infiniplex_forest_clump_small,
          kennysheep_crisscross
D:2:      lemuel_doored_altar, nicolae_overflow_hidden_temple, uniq_iyjb,
          uniq_jessica, uniq_robin
D:4:      first_bread, serial_shops,
          nicolae_shop_temple_entry_statues_fountains, uniq_blork_the_orc,
          uniq_sigmund, uniq_edmund
D:5:      kennysheep_mini_moat, basic_altar, serial_shops, shop_fountains
D:6:      eat_drink_and_be_merry_uskayaw, serial_shops,
          nicolae_shop_statue_plus, nicolae_ru_path_of_blood
D:7:      evilmike_ruin_ashenzari, marbit_many_paths,
          nicolae_overflow_crystal_walls, the_bakery
Temple:   minmay_temple_curvy_loop

Skill      XL: |  1  2  3  4  5  6  7  8  9 |
---------------+----------------------------+-----
Shields        | 4 5 6 |  6.7
Fighting       | 4 5 6 7 |  7.1
Armour         | 4 5 6 7 |  7.8
Axes           | 3 4 5 6 8 9 |  9.3
Dodging        | 1 2 3 |  3.4
Evocations     | 1 2 3 4 5 |  5.2
Stealth        | |  0.8

Action                   |  1- 3 |  4- 6 |  7- 9 || total
-------------------------+-------+-------+-------++-------
Melee: War axe           |    99 |   135 |   235 ||   469
       Headbutt          |    22 |    23 |    43 ||    88
Invok: Potion Petition   |       |       |     1 ||     1
Evoke: Wand              |       |       |     1 ||     1
  Use: Potion            |       |     1 |     4 ||     5
       Scroll            |       |     8 |     9 ||    17
  Eat: Chunk             |       |     1 |       ||     1
       Bread ration      |       |     1 |       ||     1
       Meat ration       |       |       |     2 ||     2
Armor: Scale mail        |    44 |    57 |    56 ||   157
Dodge: Dodged            |    19 |    42 |    75 ||   136
Block: Shield            |    45 |    70 |   124 ||   239
